 Dungeon Crawl Stone Soup version 0.32-a0-871-ge202e49faa (webtiles) character file.

Game seed: 10437024696125304100

453 ezpacito the Trooper (level 7, -5/54 HPs)
             Began as a Coglin Chaos Knight on Mar 29, 2024.
             Was a Plaything of Xom.
             Slain by an ogre
             ... wielding a +0 giant club
              (15 damage)
             ... on level 5 of the Dungeon.
             The game lasted 00:04:19 (2864 turns).

ezpacito the Trooper (Coglin Chaos Knight)          Turns: 2864, Time: 00:04:20

Health: -5/54      AC: 13    Str: 12 (14) XL:     7   Next: 5%
Magic:  9/9        EV:  5    Int:  8 (11) God:    Xom [......]
Gold:   268        SH:  0    Dex: 11 (14) Spells: 2/9 levels left

rFire   . . .        a - +0 hand axe (chaos) {Consuela}
rCold   x . .        v - -3 demon trident {Adalbert}
rNeg    . . .        e - +0 chain mail
rPois   .            (helmet restricted)
rElec   .            k - +1 cloak
rCorr   .            s - +0 pair of gloves
SInv    .            j - +0 pair of boots
Will    .....        (amulet unavailable) Stlth
                     (ring unavailable)
HPRegen 0.29/turn    (ring unavailable)
MPRegen 0.11/turn    (no gizmo)

%: clarity
@: revving
A: off-hand wielding, slow wielding, warmup strikes, no jewellery, antennae 1,
clarity, cold vulnerability 1, inability to read after injury 1
a: Invent Gizmo, Renounce Religion


You were on level 5 of the Dungeon.
You worshipped Xom.
You were a very special plaything of Xom.
You visited 1 branch of the dungeon, and saw 5 of its levels.

You collected 298 gold pieces.
You spent 30 gold pieces at shops.

Inventory:

Hand Weapons
 a - a +0 hand axe of chaos (weapon) {Consuela}
 i - the +0 quarterstaff of Mel Eres {freeze, rC+++ rCorr Dex+2 Stlth-}
   (You found it on level 4 of the Dungeon)

   Dex+2:     It affects your dexterity (+2).
   rC+++:     It renders you almost immune to cold.
   rCorr:     It protects you from acid and corrosion.
   Stlth-:    It makes you less stealthy.
 p - a +0 war axe
 v - a -3 demon trident (offhand) {Adalbert}
Missiles
 m - 3 atropa-tipped darts (quivered)
 o - 5 poisoned darts
Armour
 e - a +0 chain mail (worn)
 j - a +0 pair of boots (worn)
 k - a +1 cloak (worn)
 r - a +0 plate armour
 s - a +0 pair of gloves (worn)
Magical Staves
 c - a staff of cold
Scrolls
 b - a scroll of enchant armour {unknown}
 f - a scroll of blinking {unknown}
 g - a scroll of fear {unknown}
 h - a scroll of immolation {unknown}
 n - a scroll of enchant weapon {unknown}
 t - a scroll of teleportation
Potions
 q - a potion of curing
 u - a potion of resistance {unknown}


   Skills:
 * Level 4.2 Fighting
 * Level 4.1(4.3) Axes
 + Level 1.7(3.0) Polearms
 * Level 3.2 Armour
 * Level 2.4 Dodging
 + Level 1.4 Stealth
 + Level 1.5 Spellcasting
 + Level 0.3 Translocations
 + Level 0.4 Alchemy
 + Level 1.0 Evocations


You had 2 spell levels left.
You knew the following spells:

 Your Spells              Type           Power      Damage    Failure   Level
a - Volatile Blastmotes   Fire/Tloc      0%         2d10      100%        3
b - Fulminant Prism       Conj/Alch      0%         3d5       100%        4

Your spell library contained the following spells:

 Spells                   Type           Power      Damage    Failure   Level
 Iskenderun's Mystic Bla Conj/Tloc 0%             2d3        (+2d1     100%        4


Dungeon Overview and Level Annotations

Branches:
Dungeon (5/15)
 Temple: D:4-7

Altars:
Okawaru

Shops:
D:2 (   D:4 *


Innate Abilities, Weirdness & Mutations

You can wield a second weapon in your off-hand.
It takes a long time for you to wield or remove held weapons.
Your first few attacks do less damage.
You cannot equip rings or amulets.
You have a pair of small antennae on your head.
You possess an exceptional clarity of mind.
You are vulnerable to cold. (rC-)
You occasionally lose the ability to read scrolls when taking damage.


Message History

You hit the gnoll with your -3 demon trident.
You hit the gnoll with your +0 hand axe of chaos.
The gnoll seems to grow stronger.
Xom is highly amused!
The gnoll is heavily wounded.
You puncture the gnoll with your -3 demon trident!
You kill the gnoll!
You reach to attack!
You puncture the ogre with your -3 demon trident!
You closely miss the ogre with your +0 hand axe of chaos.
The ogre is moderately wounded.
You hit the ogre with your +0 hand axe of chaos.
You burn the ogre.
You hit the ogre with your -3 demon trident.
The ogre hits you with a +0 giant club! The ogre barely misses you.
You take 17 damage, and have 37/54 hp.
MASSIVE DAMAGE!!
It was a potion of curing.
You feel better.
q - a potion of curing;
e - a +0 chain mail (worn)
The gnoll hits you from afar with a +0 halberd.
The ogre hits you with a +0 giant club!!
The ogre hits you with a +0 giant club!
* * * LOW HITPOINT WARNING * * *
You take 24 damage, and have 13/54 hp.
MASSIVE DAMAGE!!
You aren't carrying any items that you can evoke.
Unknown command.
Okay, then.
It was a potion of degeneration.
There was something very wrong with that liquid.
You feel weakened.
You feel dopey.
You feel clumsy.
Xom roars with laughter!
A gnoll comes into view. It is wielding a +0 spear.
The gnoll hits you from afar with a +0 halberd.
* * * LOW HITPOINT WARNING * * *
You take 4 damage, and have 9/54 hp.
Okay, then.
It was a potion of magic.
Magic courses through your body.
The gnoll shouts!
The gnoll hits you but does no damage. The ogre hits you with a +0 giant club!
You die...
Xom roars with laughter!

# .## #g.#
### ##.#.#
.. (ß(.(#(
#. ##.g(.(.(
#.##@O#
#.§§#O(.).(.
###§..#..(ß.
#.#...#..(
#...ß....(
#####.ß(##
####


You could see 2 ogres and 2 gnolls.

Vanquished Creatures
  Sigmund (D:2)
  A phantom (D:4)
  A scorpion (D:3)
  An iguana (D:4)
  A gnoll (D:5)
  5 adders
  2 ribbon worms (D:2)
  A dart slug (D:3)
  8 orcs
  5 ball pythons
  A bat (D:3)
  5 endoplasms
  4 giant cockroaches
  7 goblins
  2 hobgoblins
  2 jackals (D:1)
  6 kobolds
  3 quokkas
  3 frilled lizards (D:1)
  6 rats
65 creatures vanquished.

Notes
Turn   | Place    | Note
-------+----------+-------------------------------------------
     0 | D:1      | ezpacito the Coglin Chaos Knight began the quest for the
                  | Orb.
     0 | D:1      | Reached XP level 1. HP: 18/18 MP: 1/1
    42 | D:1      | Found a faded altar of an unknown god.
    49 | D:1      | Reached skill level 1 in Dodging
   143 | D:1      | Reached XP level 2. HP: 24/24 MP: 2/2
   424 | D:1      | XOM: silly message
   636 | D:2      | Reached XP level 3. HP: 29/29 MP: 3/3
   997 | D:2      | Found Oficagu's Weapon Shoppe.
  1000 | D:2      | Bought 3 atropa-tipped darts for 29 gold pieces
  1003 | D:2      | XOM: divination: detect items
  1236 | D:2      | XOM: silly message
  1249 | D:2      | XOM: give mutations
  1249 | D:2      | Gained mutation: You have a pair of small antennae on your
                  | head. [Xom's mischief]
  1249 | D:2      | Gained mutation: You occasionally lose the ability to read
                  | scrolls when taking damage. [Xom's mischief]
  1249 | D:2      | Gained mutation: You are vulnerable to cold. (rC-) [Xom's
                  | mischief]
  1249 | D:2      | Gained mutation: You possess an exceptional clarity of
                  | mind. [Xom's mischief]
  1256 | D:2      | Noticed Sigmund
  1268 | D:2      | Killed Sigmund
  1269 | D:2      | Reached skill level 1 in Polearms
  1269 | D:2      | Reached skill level 1 in Stealth
  1269 | D:2      | Reached skill level 1 in Spellcasting
  1269 | D:2      | Reached XP level 4. HP: 37/37 MP: 5/5
  1269 | D:2      | Reached XP level 5. HP: 42/42 MP: 6/6
  1289 | D:2      | Reached XP level 6. HP: 48/48 MP: 7/7
  1454 | D:2      | XOM: summons 1 hostile shadow creature
  1659 | D:3      | Found an iron altar of Okawaru.
  1725 | D:3      | XOM: 4-stop teleportation journey
  2052 | D:3      | XOM: summons 4 hostile demons
  2053 | D:3      | Noticed a smoke demon
  2053 | D:3      | Noticed a neqoxec
  2053 | D:3      | Noticed a soul eater
  2258 | D:3      | Learned a level 3 spell: Volatile Blastmotes
  2263 | D:3      | Learned a level 4 spell: Fulminant Prism
  2310 | D:4      | Identified the +0 quarterstaff of Mel Eres {freeze, rC+++
                  | rCorr Dex+2 Stlth-}
  2491 | D:4      | Found Wyfac Nysa's Lightly-Used Armoury.
  2503 | D:4      | Bought a -3 demon trident for 1 gold piece
  2674 | D:4      | Reached skill level 1 in Evocations
  2674 | D:4      | Reached XP level 7. HP: 54/54 MP: 9/9
  2855 | D:5      | Entered Level 5 of the Dungeon
  2855 | D:5      | XOM: chaos cloud
  2856 | D:5      | XOM: chaos upgrade
  2857 | D:5      | Found the +6 shillelagh "Devastator" {shatter}
  2864 | D:5      | Slain by an ogre

Illustrated notes

Levels and vault maps discovered:
D:1:      spicycebolla_arrival_transporter_tutorial, layout_basic,
          shapermc_ecumenical_altar_mp_ritualfount
D:2:      layout_basic, serial_shops, nicolae_shop_tiny_real_fake_doors,
          serial_corexii_hall, corexii_hall_statues_i, corexii_hall_statues_l,
          kennysheep_nub, st_stairs_3, dk_noncrumbling_2, serial_bayou_lake_a,
          uniq_sigmund
D:3:      layout_rooms, lemuel_round_altar, st_stairs_9
D:4:      layout_rooms, minmay_shop_damaged
D:5:      layout_loops_cross, lemuel_temple_firewalk_b,
          amcnicky_mini_pool_small, dilly_guarded_unrand_devastator,
          uniq_duvessa

Skill      XL: |  1  2  3  4  5  6 |
---------------+-------------------+-----
Dodging        | 1 2 |  2.4
Armour         | 2 3 |  3.2
Polearms       | 1 |  1.7
Stealth        | 1 |  1.4
Spellcasting   | 1 |  1.5
Fighting       | 4 |  4.2
Axes           | 4 |  4.1
Evocations     | 1 |  1.0
Translocations | |  0.3
Alchemy        | |  0.4

Action                     |  1- 3 |  4- 6 |  7- 9 || total
---------------------------+-------+-------+-------++-------
  Melee: Hand axe          |    73 |    53 |     5 ||   131
         Dagger            |    20 |       |       ||    20
         Spear             |    68 |    24 |       ||    92
         Trident           |       |    26 |       ||    26
         Demon trident     |       |    15 |     6 ||    21
    Use: Scroll            |       |     2 |       ||     2
         Potion            |       |       |     3 ||     3
   Stab: Sleeping          |     4 |       |       ||     4
         Confused          |     2 |       |       ||     2
 Armour: Leather armour    |    36 |     7 |       ||    43
         Chain mail        |       |    40 |     9 ||    49
  Dodge: Dodged            |    25 |    13 |     1 ||    39

Table legend: (Time is in decaauts)
 A = Elapsed time spent in this place.
 B = Non-inter-level travel time spent in this place.
 C = Inter-level travel time spent in this place.
 D = Time resting spent in this place.
 E = Time spent auto-exploring this place.
 F = Levels seen in this place.
 G = Mean time per level.
                   A        B        C        D        E       F      G
               +--------+--------+--------+--------+--------+-----+--------+
         Total |   2896 |   2676 |    220 |     96 |   2099 |   5 |  579.2 |
       Dungeon |   2896 |   2676 |    220 |     96 |   2099 |   5 |  579.2 |
               +--------+--------+--------+--------+--------+-----+--------+

Top non-repeatable levels by time:
     D:2: 1050 daAuts
     D:3: 673 daAuts
     D:1: 594 daAuts
     D:4: 568 daAuts
     D:5: 9 daAuts
